[ AOE2 MATCH · #500019630 ]
UnrankedCelts vs Khitans
[ REPLAY ANALYSIS · EXTRACTED FROM THE RECORDED GAME ]
Feudal
11:11
Castle
—
Imperial
—
| APM avg | 58.5 |
| APM peak | 180 |
| eAPM avg | 13.9 |
| Villagers / military | 27 / 4 |
Focus
⚔️ 16.7% · 🌾 83.3%
Spearman ×2 · Skirmisher ×2
Feudal
9:20
Castle
—
Imperial
—
| APM avg | 79.1 |
| APM peak | 127 |
| eAPM avg | 30.0 |
| Villagers / military | 35 / 9 |
Focus
⚔️ 22.4% · 🌾 77.6%
Archer ×9
Feudal
9:24
Castle
—
Imperial
—
| APM avg | 58.9 |
| APM peak | 156 |
| eAPM avg | 23.1 |
| Villagers / military | 29 / 9 |
Focus
⚔️ 65.7% · 🌾 34.3%
Scout Cavalry ×9
Feudal
11:02
Castle
—
Imperial
—
| APM avg | 22.0 |
| APM peak | 70 |
| eAPM avg | 7.7 |
| Villagers / military | 25 / 0 |
Focus
⚔️ 15.7% · 🌾 84.3%
Feudal
9:19
Castle
—
Imperial
—
| APM avg | 41.5 |
| APM peak | 82 |
| eAPM avg | 14.5 |
| Villagers / military | 25 / 9 |
Focus
⚔️ 21.1% · 🌾 78.9%
Archer ×9
Feudal
8:46
Castle
—
Imperial
—
| APM avg | 42.7 |
| APM peak | 69 |
| eAPM avg | 15.9 |
| Villagers / military | 25 / 6 |
Focus
⚔️ 20.0% · 🌾 80.0%
Scout Cavalry ×6
Feudal
10:18
Castle
—
Imperial
—
| APM avg | 38.5 |
| APM peak | 85 |
| eAPM avg | 12.7 |
| Villagers / military | 33 / 6 |
Focus
⚔️ 40.8% · 🌾 59.2%
Scout Cavalry ×6
Feudal
9:43
Castle
—
Imperial
—
| APM avg | 31.1 |
| APM peak | 49 |
| eAPM avg | 12.3 |
| Villagers / military | 26 / 9 |
Focus
⚔️ 21.2% · 🌾 78.8%
Archer ×9
Match map
Initial resources + every placement click. Lines = walls · curves = elevation contours. ◆ gold · ⬟ stone · ● berries · ✦ relic · ◌ wall gap
Your base· Open — unwalled flank
.Bast's base· Open — 7t gap
Dadagama's base· Open — unwalled flank
IDWARE21's base· Open — unwalled flank
HIX | Milongo's base· Open — unwalled flank
Ruenon's base· Open — unwalled flank
Codiman's base· Open — unwalled flank
Guts's base· Open — 8t gap
Smoothed initial terrain · ◌ = detected wall gap · hover for details
Inputs per minute
— Puff the Magic Dragon - - .Bast
Build order — Puff the Magic Dragon
49 actions detected in the replay
| 0:02 | Queue | Villager (Male) |
| 0:02 | Queue | Villager (Male) |
| 0:02 | Queue | Villager (Male) |
| 0:04 | Build | House |
| 0:06 | Build | House |
| 0:21 | Queue | Villager (Male) |
| 1:47 | Queue | Villager (Male) |
| 2:13 | Research | Loom |
| 2:17 | Queue | Villager (Male) |
| 3:00 | Queue | Villager (Male) |
| 3:19 | Queue | Villager (Male) |
| 3:19 | Queue | Villager (Male) |
| 3:20 | Queue | Villager (Male) |
| 3:43 | Queue | Villager (Male) |
| 3:51 | Queue | Villager (Male) |
| 4:02 | Build | House |
| 4:03 | Build | House |
| 4:06 | Build | Mill |
| 4:09 | Queue | Villager (Male) |
| 4:42 | Queue | Villager (Male) |
| 4:43 | Queue | Villager (Male) |
| 4:53 | Queue | Villager (Male) |
| 4:53 | Queue | Villager (Male) |
| 5:23 | Queue | Villager (Male) |
| 5:51 | Queue | Villager (Male) |
| 6:52 | Queue | Villager (Male) |
| 7:16 | Queue | Villager (Male) |
| 7:40 | Queue | Villager (Male) |
| 8:11 | Queue | Villager (Male) |
| 8:12 | Queue | Villager (Male) |
| 8:16 | Build | Lumber Camp |
| 8:53 | Research | Feudal Age |
| 9:49 | Build | Mining Camp |
| 10:40 | Build | Barracks |
| 10:53 | Queue | Villager (Male) |
| 11:11 | Age | Feudal Age |
| 11:16 | Research | Double-Bit Axe |
| 11:16 | Research | Gold Mining |
| 11:18 | Queue | Villager (Male) |
| 11:18 | Queue | Villager (Male) |
| 11:39 | Build | Archery Range |
| 11:51 | Build | House |
| 11:58 | Build | House |
| 11:59 | Build | House |
| 12:08 | Build | House |
| 12:19 | Queue | Spearman |
| 12:19 | Queue | Spearman |
| 12:28 | Queue | Skirmisher |
| 12:28 | Queue | Skirmisher |
Build order — .Bast
65 actions detected in the replay
| 0:00 | Queue | Villager (Male) |
| 0:01 | Queue | Villager (Male) |
| 0:02 | Build | House |
| 0:07 | Queue | Villager (Male) |
| 0:07 | Queue | Villager (Male) |
| 0:08 | Build | House |
| 1:18 | Queue | Villager (Male) |
| 1:18 | Queue | Villager (Male) |
| 1:18 | Queue | Villager (Male) |
| 1:55 | Build | Lumber Camp |
| 2:04 | Queue | Villager (Male) |
| 2:04 | Queue | Villager (Male) |
| 2:25 | Queue | Villager (Male) |
| 2:25 | Queue | Villager (Male) |
| 3:00 | Queue | Villager (Male) |
| 3:00 | Queue | Villager (Male) |
| 3:24 | Queue | Villager (Male) |
| 3:25 | Queue | Villager (Male) |
| 3:50 | Queue | Villager (Male) |
| 3:51 | Queue | Villager (Male) |
| 3:51 | Queue | Villager (Male) |
| 3:53 | Build | House |
| 4:12 | Queue | Villager (Male) |
| 4:32 | Queue | Villager (Male) |
| 4:33 | Queue | Villager (Male) |
| 4:58 | Queue | Villager (Male) |
| 4:58 | Queue | Villager (Male) |
| 5:34 | Build | Mining Camp |
| 5:38 | Build | Mining Camp |
| 5:39 | Queue | Villager (Male) |
| 6:09 | Queue | Villager (Male) |
| 6:13 | Research | Loom |
| 6:59 | Research | Feudal Age |
| 7:39 | Build | Barracks |
| 7:49 | Build | Palisade Wall |
| 7:50 | Build | Palisade Wall |
| 7:53 | Queue | Villager (Male) |
| 7:59 | Build | House |
| 8:16 | Queue | Villager (Male) |
| 8:41 | Build | House |
| 9:20 | Age | Feudal Age |
| 9:23 | Build | Archery Range |
| 9:30 | Build | Archery Range |
| 9:57 | Queue | Villager (Male) |
| 10:03 | Build | House |
| 10:14 | Queue | Villager (Male) |
| 10:17 | Queue | Archer |
| 10:29 | Build | House |
| 10:38 | Queue | Archer |
| 10:38 | Queue | Archer |
| 11:07 | Queue | Villager (Male) |
| 11:08 | Queue | Villager (Male) |
| 11:18 | Queue | Archer |
| 11:19 | Queue | Archer |
| 11:38 | Build | Blacksmith |
| 11:45 | Queue | Archer |
| 11:45 | Queue | Archer |
| 12:01 | Queue | Archer |
| 12:01 | Queue | Archer |
| 12:01 | Queue | Villager (Male) |
| 12:32 | Queue | Villager (Male) |
| 12:33 | Queue | Villager (Male) |
| 12:48 | Build | Mill |
| 12:58 | Build | House |
| 13:20 | Queue | Villager (Male) |
Build order — Dadagama
61 actions detected in the replay
| 0:00 | Queue | Villager (Male) |
| 0:00 | Queue | Villager (Male) |
| 0:01 | Queue | Villager (Male) |
| 0:01 | Queue | Villager (Male) |
| 0:02 | Build | House |
| 0:05 | Build | House |
| 1:28 | Queue | Villager (Male) |
| 1:56 | Queue | Villager (Male) |
| 1:57 | Queue | Villager (Male) |
| 2:15 | Build | Lumber Camp |
| 2:30 | Queue | Villager (Male) |
| 2:30 | Queue | Villager (Male) |
| 2:30 | Queue | Villager (Male) |
| 3:13 | Queue | Villager (Male) |
| 3:25 | Build | House |
| 3:27 | Build | House |
| 3:35 | Queue | Villager (Male) |
| 4:07 | Queue | Villager (Male) |
| 4:07 | Queue | Villager (Male) |
| 4:36 | Build | Mill |
| 4:51 | Queue | Villager (Male) |
| 4:51 | Queue | Villager (Male) |
| 5:22 | Queue | Villager (Male) |
| 5:22 | Queue | Villager (Male) |
| 5:35 | Queue | Villager (Male) |
| 7:14 | Research | Feudal Age |
| 7:36 | Build | Barracks |
| 8:14 | Queue | Villager (Male) |
| 8:14 | Queue | Villager (Male) |
| 8:56 | Build | House |
| 9:00 | Queue | Villager (Male) |
| 9:24 | Age | Feudal Age |
| 9:27 | Build | Stable |
| 9:31 | Research | Double-Bit Axe |
| 9:42 | Build | Blacksmith |
| 9:55 | Build | House |
| 10:11 | Queue | Villager (Male) |
| 10:17 | Queue | Scout Cavalry |
| 10:17 | Queue | Scout Cavalry |
| 10:17 | Queue | Scout Cavalry |
| 10:35 | Research | Scale Barding Armor |
| 10:52 | Queue | Villager (Male) |
| 11:00 | Build | House |
| 11:11 | Queue | Scout Cavalry |
| 11:11 | Queue | Scout Cavalry |
| 11:16 | Build | Farm |
| 11:18 | Build | Farm |
| 11:21 | Build | Farm |
| 11:26 | Queue | Villager (Male) |
| 11:27 | Queue | Villager (Male) |
| 11:56 | Queue | Scout Cavalry |
| 12:40 | Queue | Scout Cavalry |
| 12:40 | Queue | Scout Cavalry |
| 12:57 | Queue | Villager (Male) |
| 12:57 | Queue | Villager (Male) |
| 13:00 | Build | House |
| 13:04 | Build | Farm |
| 13:08 | Build | Farm |
| 13:15 | Queue | Villager (Male) |
| 13:17 | Build | Farm |
| 13:19 | Queue | Scout Cavalry |
Build order — IDWARE21
46 actions detected in the replay
| 0:31 | Queue | Villager (Male) |
| 0:31 | Queue | Villager (Male) |
| 0:31 | Queue | Villager (Male) |
| 0:32 | Queue | Villager (Male) |
| 0:34 | Build | House |
| 0:40 | Build | House |
| 1:55 | Queue | Villager (Male) |
| 2:35 | Queue | Villager (Male) |
| 2:49 | Queue | Villager (Male) |
| 3:13 | Build | Lumber Camp |
| 3:27 | Queue | Villager (Male) |
| 3:52 | Queue | Villager (Male) |
| 4:10 | Queue | Villager (Male) |
| 4:10 | Queue | Villager (Male) |
| 4:11 | Queue | Villager (Male) |
| 4:11 | Queue | Villager (Male) |
| 4:32 | Build | House |
| 4:35 | Build | House |
| 4:43 | Queue | Villager (Male) |
| 4:43 | Queue | Villager (Male) |
| 5:14 | Queue | Villager (Male) |
| 5:14 | Queue | Villager (Male) |
| 5:14 | Queue | Villager (Male) |
| 6:00 | Build | Mill |
| 7:01 | Queue | Villager (Male) |
| 7:02 | Queue | Villager (Male) |
| 7:31 | Queue | Villager (Male) |
| 7:31 | Queue | Villager (Male) |
| 7:49 | Build | Farm |
| 7:54 | Build | Farm |
| 8:40 | Research | Feudal Age |
| 9:04 | Build | Mining Camp |
| 9:34 | Build | Farm |
| 9:47 | Queue | Villager (Male) |
| 9:47 | Queue | Villager (Male) |
| 9:57 | Build | House |
| 10:50 | Queue | Villager (Male) |
| 11:02 | Age | Feudal Age |
| 11:14 | Build | Market |
| 11:36 | Build | Blacksmith |
| 12:02 | Build | Farm |
| 12:23 | Research | Castle Age |
| 12:27 | Research | Loom |
| 12:32 | Research | Double-Bit Axe |
| 12:54 | Build | Farm |
| 12:57 | Build | Farm |
Build order — HIX | Milongo
57 actions detected in the replay
| 0:03 | Research | Loom |
| 0:56 | Queue | Villager (Male) |
| 1:22 | Queue | Villager (Male) |
| 1:48 | Queue | Villager (Male) |
| 2:09 | Queue | Villager (Male) |
| 2:28 | Build | Lumber Camp |
| 2:36 | Queue | Villager (Male) ×2 |
| 3:03 | Build | House |
| 3:25 | Queue | Villager (Male) |
| 3:35 | Queue | Villager (Male) |
| 3:55 | Queue | Villager (Male) |
| 4:19 | Queue | Villager (Male) |
| 4:21 | Queue | Villager (Male) |
| 4:21 | Queue | Villager (Male) |
| 5:00 | Queue | Villager (Male) |
| 5:21 | Build | House |
| 5:39 | Queue | Villager (Male) |
| 5:39 | Queue | Villager (Male) |
| 5:56 | Build | House |
| 6:34 | Build | Mining Camp |
| 6:38 | Queue | Villager (Male) |
| 7:09 | Research | Feudal Age |
| 7:11 | Build | Lumber Camp |
| 7:53 | Queue | Villager (Male) |
| 8:30 | Build | Barracks |
| 9:19 | Age | Feudal Age |
| 9:28 | Build | Archery Range |
| 9:31 | Queue | Villager (Male) |
| 9:33 | Research | Double-Bit Axe |
| 9:35 | Queue | Villager (Male) |
| 10:05 | Build | Mill |
| 10:06 | Queue | Villager (Male) |
| 10:32 | Queue | Archer |
| 10:33 | Queue | Archer |
| 10:38 | Build | Palisade Wall |
| 10:40 | Queue | Villager (Male) |
| 10:59 | Build | Archery Range |
| 11:04 | Queue | Archer |
| 11:29 | Queue | Villager (Male) |
| 11:31 | Build | Farm |
| 11:39 | Build | House |
| 11:43 | Build | House |
| 11:54 | Build | House |
| 11:56 | Build | House |
| 11:58 | Queue | Archer |
| 11:58 | Queue | Archer |
| 12:01 | Queue | Archer |
| 12:02 | Queue | Archer |
| 12:03 | Queue | Villager (Male) |
| 12:06 | Build | Farm |
| 12:30 | Queue | Archer |
| 12:31 | Queue | Archer |
| 12:43 | Queue | Villager (Male) |
| 12:46 | Build | Farm |
| 13:17 | Build | Blacksmith |
| 13:18 | Queue | Villager (Male) |
| 13:21 | Build | Farm |
Build order — Ruenon
49 actions detected in the replay
| 0:00 | Queue | Villager (Male) ×4 |
| 0:03 | Build | House |
| 0:05 | Build | House |
| 1:25 | Queue | Villager (Male) |
| 1:44 | Build | Lumber Camp |
| 2:03 | Queue | Villager (Male) |
| 2:04 | Queue | Villager (Male) |
| 2:43 | Queue | Villager (Male) |
| 2:43 | Queue | Villager (Male) |
| 3:31 | Queue | Villager (Male) |
| 3:31 | Queue | Villager (Male) |
| 3:55 | Queue | Villager (Male) |
| 4:24 | Queue | Villager (Male) |
| 4:33 | Build | House |
| 4:38 | Research | Loom |
| 4:38 | Queue | Villager (Male) |
| 5:37 | Queue | Villager (Male) |
| 5:46 | Build | Mill |
| 5:53 | Queue | Villager (Male) |
| 6:36 | Research | Feudal Age |
| 7:39 | Build | Barracks |
| 8:09 | Build | House |
| 8:46 | Age | Feudal Age |
| 8:47 | Build | Stable |
| 8:51 | Queue | Villager (Male) |
| 8:51 | Queue | Villager (Male) |
| 8:53 | Research | Double-Bit Axe |
| 9:16 | Build | House |
| 9:24 | Queue | Villager (Male) |
| 9:39 | Queue | Scout Cavalry |
| 9:39 | Queue | Scout Cavalry |
| 9:41 | Queue | Villager (Male) |
| 10:03 | Queue | Villager (Male) |
| 10:05 | Research | Horse Collar |
| 10:37 | Queue | Villager (Male) |
| 10:45 | Build | Mill |
| 10:50 | Queue | Villager (Male) |
| 10:54 | Queue | Scout Cavalry |
| 10:59 | Queue | Villager (Male) |
| 11:06 | Build | Farm |
| 11:17 | Queue | Villager (Male) |
| 11:38 | Queue | Scout Cavalry |
| 11:40 | Build | Farm |
| 12:11 | Queue | Scout Cavalry |
| 12:36 | Queue | Scout Cavalry |
| 12:41 | Build | Farm |
| 12:42 | Build | Farm |
| 12:43 | Build | Farm |
| 12:44 | Build | Farm |
Build order — Codiman
61 actions detected in the replay
| 0:02 | Queue | Villager (Male) |
| 0:02 | Queue | Villager (Male) |
| 0:04 | Build | House |
| 0:09 | Queue | Villager (Male) |
| 0:09 | Queue | Villager (Male) |
| 0:10 | Queue | Villager (Male) |
| 0:27 | Build | House |
| 1:27 | Queue | Villager (Male) |
| 1:27 | Queue | Villager (Male) |
| 2:00 | Queue | Villager (Male) |
| 2:07 | Build | Lumber Camp |
| 2:23 | Queue | Villager (Male) |
| 2:24 | Queue | Villager (Male) |
| 3:04 | Queue | Villager (Male) |
| 3:22 | Queue | Villager (Male) |
| 3:27 | Build | House |
| 3:28 | Build | House |
| 3:51 | Queue | Villager (Male) |
| 3:52 | Queue | Villager (Male) |
| 4:20 | Queue | Villager (Male) |
| 4:21 | Queue | Villager (Male) |
| 4:24 | Queue | Villager (Male) |
| 5:07 | Queue | Villager (Male) |
| 5:12 | Build | Mill |
| 5:37 | Queue | Villager (Male) |
| 5:37 | Queue | Villager (Male) |
| 5:46 | Queue | Villager (Male) |
| 5:46 | Queue | Villager (Male) |
| 5:47 | Queue | Villager (Male) |
| 6:25 | Queue | Villager (Male) |
| 6:59 | Build | Barracks |
| 7:01 | Research | Loom |
| 7:29 | Queue | Villager (Male) |
| 8:08 | Research | Feudal Age |
| 8:12 | Build | House |
| 8:18 | Build | Palisade Wall |
| 8:18 | Build | Palisade Wall |
| 8:20 | Build | Palisade Wall |
| 8:21 | Build | Palisade Wall |
| 8:54 | Queue | Villager (Male) |
| 8:55 | Queue | Villager (Male) |
| 8:58 | Queue | Villager (Male) |
| 9:42 | Build | House |
| 10:18 | Age | Feudal Age |
| 10:27 | Build | Stable |
| 10:29 | Build | Stable |
| 11:00 | Queue | Villager (Male) |
| 11:07 | Build | Blacksmith |
| 11:14 | Queue | Villager (Male) |
| 11:20 | Queue | Scout Cavalry |
| 11:20 | Queue | Scout Cavalry |
| 11:21 | Queue | Scout Cavalry |
| 11:21 | Queue | Scout Cavalry |
| 11:27 | Queue | Scout Cavalry |
| 11:28 | Queue | Scout Cavalry |
| 11:34 | Queue | Villager (Male) |
| 11:34 | Queue | Villager (Male) |
| 11:44 | Queue | Villager (Male) |
| 12:13 | Build | Palisade Gate |
| 13:05 | Research | Forging |
| 13:10 | Build | House |
Build order — Guts
59 actions detected in the replay
| 0:02 | Queue | Villager (Male) |
| 0:02 | Queue | Villager (Male) |
| 0:02 | Queue | Villager (Male) |
| 0:02 | Queue | Villager (Male) |
| 0:03 | Build | House |
| 0:09 | Build | House |
| 1:34 | Queue | Villager (Male) |
| 2:02 | Build | Lumber Camp |
| 2:03 | Queue | Villager (Male) |
| 2:21 | Queue | Villager (Male) |
| 2:52 | Queue | Villager (Male) |
| 3:20 | Queue | Villager (Male) |
| 3:32 | Build | House |
| 3:46 | Queue | Villager (Male) |
| 4:12 | Queue | Villager (Male) |
| 4:32 | Queue | Villager (Male) |
| 5:05 | Queue | Villager (Male) |
| 5:05 | Queue | Villager (Male) |
| 5:33 | Queue | Villager (Male) |
| 5:46 | Queue | Villager (Male) |
| 5:57 | Build | Mill |
| 6:17 | Build | House |
| 6:39 | Queue | Villager (Male) |
| 7:05 | Build | Lumber Camp |
| 7:08 | Queue | Villager (Male) |
| 7:09 | Queue | Villager (Male) |
| 7:17 | Research | Loom |
| 7:55 | Research | Feudal Age |
| 8:22 | Build | Mining Camp |
| 8:36 | Build | Barracks |
| 9:02 | Build | Palisade Wall |
| 9:26 | Queue | Villager (Male) |
| 9:30 | Build | House |
| 9:43 | Age | Feudal Age |
| 9:46 | Build | Archery Range |
| 9:48 | Research | Double-Bit Axe |
| 10:04 | Queue | Villager (Male) |
| 10:25 | Build | Archery Range |
| 10:30 | Queue | Archer |
| 10:30 | Queue | Archer |
| 10:32 | Queue | Villager (Male) |
| 10:53 | Queue | Villager (Male) |
| 10:59 | Build | House |
| 11:03 | Build | Blacksmith |
| 11:10 | Queue | Archer |
| 11:16 | Build | House |
| 11:19 | Queue | Villager (Male) |
| 11:36 | Queue | Villager (Male) |
| 11:43 | Queue | Archer |
| 11:49 | Queue | Archer |
| 12:11 | Research | Fletching |
| 12:18 | Build | Farm |
| 12:20 | Build | Farm |
| 12:22 | Build | Farm |
| 12:27 | Queue | Archer |
| 12:27 | Queue | Archer |
| 12:33 | Queue | Archer |
| 12:46 | Queue | Archer |
| 13:00 | Queue | Villager (Male) |
Match timeline
| 6:59 | Codiman · first_building Barracks |
| 7:36 | Dadagama · first_building Barracks |
| 7:39 | .Bast · first_building Barracks |
| 7:39 | Ruenon · first_building Barracks |
| 7:49 | .Bast · wall_segment Palisade Wall x1 |
| 7:50 | .Bast · wall_segment Palisade Wall x1 |
| 8:18 | Codiman · wall_segment Palisade Wall x1 |
| 8:18 | Codiman · wall_segment Palisade Wall x1 |
| 8:20 | Codiman · wall_segment Palisade Wall x1 |
| 8:21 | Codiman · wall_segment Palisade Wall x1 |
| 8:30 | HIX | Milongo · first_building Barracks |
| 8:36 | Guts · first_building Barracks |
| 8:46 | Ruenon · age_up feudal |
| 8:47 | Ruenon · first_building Stable |
| 9:02 | Guts · wall_segment Palisade Wall x1 |
| 9:19 | HIX | Milongo · age_up feudal |
| 9:20 | .Bast · age_up feudal |
| 9:23 | .Bast · first_building Archery Range |
| 9:24 | Dadagama · age_up feudal |
| 9:27 | Dadagama · first_building Stable |
| 9:28 | HIX | Milongo · first_building Archery Range |
| 9:43 | Guts · age_up feudal |
| 9:46 | Guts · first_building Archery Range |
| 10:18 | Codiman · age_up feudal |
| 10:27 | Codiman · first_building Stable |
| 10:38 | HIX | Milongo · wall_segment Palisade Wall x9 |
| 10:40 | Puff the Magic Dragon · first_building Barracks |
| 11:02 | IDWARE21 · age_up feudal |
| 11:11 | Puff the Magic Dragon · age_up feudal |
| 11:39 | Puff the Magic Dragon · first_building Archery Range |
| 12:39 | Puff the Magic Dragon · resign |
[ AI ANALYSIS · 1 CREDIT ]
What really happened in this match?
Wolo.gg analyzes every decision: build order, eco, micro, common mistakes by bracket. Personalized analysis on WhatsApp or Discord in 30 seconds.
Civ guide
Celts
Perfil
Jugador #1667706